 Dungeon Crawl Stone Soup version 0.30-a0-50-gb2d611f6b1 (webtiles) character file.

Game seed: 11169812112268808338

194 Murumi the Shield-Bearer (level 6, 0/48 HPs)
             Began as a Formicid Fighter on Sept 3, 2022.
             Splashed by a jelly's acid (2 damage)
             ... on level 3 of the Dungeon.
             The game lasted 00:07:18 (2687 turns).

Murumi the Shield-Bearer (Formicid Fighter)         Turns: 2687, Time: 00:07:18

Health: 0/48       AC:  0    Str: 21    XL:     6   Next: 3%
Magic:  6/6        EV:  6    Int:  9    God:
Gold:   170        SH:  5    Dex: 13    Spells: 5/5 levels left

rFire   . . .      SeeInvis +    a - +0 flail
rCold   . . .      Faith    .    c - +0 buckler
rNeg    . . .      Spirit   .    g - +0 plate armour
rPois   .          Reflect  .    (helmet unavailable)
rElec   .          Harm     .    (no cloak)
rCorr   .          Rampage  .    (no gloves)
Will    .....                    (no boots)
Stlth   ..........               (no amulet)
HPRegen 0.16/turn                (no ring)
MPRegen 0.10/turn                (no ring)

@: corroded
A: permanent stasis, dig shafts and tunnels, antennae 3, four strong arms
a: Dig, Shaft Self


You were on level 3 of the Dungeon.
You visited 1 branch of the dungeon, and saw 3 of its levels.

You collected 170 gold pieces.

Inventory:

Hand Weapons
 a - a +0 flail (weapon)
Missiles
 f - 17 stones (quivered)
Armour
 c - a +0 buckler (worn)
 g - a +0 plate armour (worn)
Potions
 b - 2 potions of attraction {unknown}
 d - a potion of might
 e - a potion of heal wounds {unknown}
 i - a potion of ambrosia {unknown}
 j - 2 potions of brilliance {unknown}
 k - a potion of curing {unknown}
 l - a potion of haste {unknown}


   Skills:
 - Level 4.0 Fighting
 - Level 3.0 Maces & Flails
 - Level 1.0 Throwing
 - Level 4.0 Armour
 - Level 1.0 Dodging
 - Level 2.0 Stealth
 + Level 5.6 Shields


You had 5 spell levels left.
You didn't know any spells.
Your spell library contained the following spells:

 Spells                   Type           Power      Damage    Failure   Level
 Foxfire                  Conj/Fire      0%         2x1d4     100%        1
 Ensorcelled Hibernation  Hex/Ice        0%         N/A       100%        2
 Passwall                 Tmut/Erth      0%         N/A       100%        2
 Confusing Touch          Hex            0%         N/A       100%        3
 Conjure Flame            Conj/Fire      0%         6-21      100%        3
 Inner Flame              Hex/Fire       0%         N/A       100%        3
 Lesser Beckoning         Tloc           0%         N/A       100%        3
 Spider Form              Tmut/Pois      0%         N/A       100%        3
 Anguish                  Hex/Necr       0%         N/A       100%        4
 Flame Wave               Conj/Fire      0%         2d4       100%        4
 Manifold Assault         Tloc           0%         N/A       100%        5
 Yara's Violent Unravell  Hex/Tmut       0%         3d3       100%        5
 Enfeeble                 Hex            0%         N/A       100%        7
 Storm Form               Tmut/Air       0%         N/A       100%        7
 Blink                    Tloc           Unusable   N/A       N/A         2
 Swiftness                Air            Unusable   N/A       N/A         3

Dungeon Overview and Level Annotations

Branches:
Dungeon (3/15)

Altars:
Elyvilon
Yredelemnul

Shops:
D:1 (


Innate Abilities, Weirdness & Mutations

You cannot be hasted, slowed, berserked, paralysed or teleported.
You can dig through walls and to a lower floor.
You have a pair of large antennae on your head. (SInv)
Your four strong arms can wield two-handed weapons with a shield.


Message History

The jelly is lightly wounded.
The jelly hits you but does no damage.
You barely miss the jelly.
The jelly is lightly wounded.
The jelly hits you. The acid corrodes you!
You are splashed with acid.
You hit the jelly.
Your hands burn!
The jelly is lightly wounded.
The jelly hits you but does no damage. The jelly hits you.
You are splashed with acid!
You hit the jelly.
Your hands burn!
The jelly is heavily wounded.
The jelly hits you. The acid corrodes you!
You are splashed with acid!
* * * LOW HITPOINT WARNING * * *
The jelly attacks as you move away! The jelly hits you but does no damage.
There is an open door here.
There is an open door here.
There is an open door here.
The jelly attacks as you move away! You block the jelly's attack.
There is an open door here.
The jelly attacks as you move away! The jelly hits you.
* * * LOW HITPOINT WARNING * * *
The acid corrodes you!
You are splashed with acid!
* * * LOW HITPOINT WARNING * * *
Okay, then.
You aren't carrying any items that you can evoke.
You aren't carrying any items that you can evoke.
Unknown command.
Okay, then.
Non-targeted abil: Dig
Press: ? - help, Q - select action, (/) - cycle Dir - look around, f - activate
Okay, then.
Throw: throwing net
Press: ? - help, Q - select action, (/) - cycle Shift-Dir - straight line, f - jelly
Aim: a jelly (moderately wounded, 89% to hit)
You throw a throwing net. The throwing net hits the jelly.
The jelly is caught in the net!
The jelly is moderately wounded.
The jelly struggles against the net.
You hit the jelly. The acid corrodes you!
Your hands burn!
You die...

......#.....#.....#...........†..
......'##'##'##'##+.#.##.#.####..
.#...##..#.....#..#..............
.....##..#'###+#..#...##.#.###...
.#..###..#.....#..######.#)###...
......+..+.._..'..+..............
.#..###..#.....#..######.......#.
##..# #..#+###'#J.# #.......#.
#....#..#.....#@.# ##......#.
#..#.+##+##+##'##+ ##[###...
..### #.....#.######.###...
#.....#+.............
.#.###+##+##'##############.##
.....(..........#.............
.#..########..###.#####.......
..........##.#####.......
#######....#..........<..


You could see a jelly (caught).

Vanquished Creatures
  A phantom (D:3)
  Terence (D:2)
  5 adders
  A worm (D:2)
  A dart slug (D:3)
  An orc (D:3)
  A ball python (D:1)
  3 endoplasms
  3 giant cockroaches (D:2)
  3 goblins (D:2)
  2 hobgoblins
  2 jackals (D:2)
  2 quokkas
  7 bats
  3 frilled lizards
  4 kobolds
  3 rats
43 creatures vanquished.

Notes
Turn   | Place    | Note
-------+----------+-------------------------------------------
     0 | D:1      | Murumi the Formicid Fighter began the quest for the Orb.
     0 | D:1      | Reached XP level 1. HP: 18/18 MP: 1/1
   191 | D:1      | Found a white marble altar of Elyvilon.
   394 | D:1      | Reached XP level 2. HP: 25/25 MP: 2/2
   702 | D:1      | Reached skill level 1 in Stealth
   890 | D:1      | Found Zieg Zuu's Weapon Shoppe.
  1111 | D:2      | Noticed Terence
  1121 | D:2      | Killed Terence
  1122 | D:2      | Reached skill level 1 in Throwing
  1122 | D:2      | Reached skill level 1 in Dodging
  1122 | D:2      | Reached XP level 3. HP: 27/30 MP: 3/3
  1369 | D:2      | Reached XP level 4. HP: 19/37 MP: 4/4
  1851 | D:2      | Found a faded altar of an unknown god.
  2033 | D:2      | Reached XP level 5. HP: 42/42 MP: 5/5
  2321 | D:3      | Noticed a phantom
  2345 | D:3      | Killed a phantom
  2346 | D:3      | Reached skill level 5 in Shields
  2594 | D:3      | Found a basalt altar of Yredelemnul.
  2630 | D:3      | Reached XP level 6. HP: 43/48 MP: 6/6
  2685 | D:3      | HP: 2/48 [acid (9)]
  2687 | D:3      | Splashed by a jelly's acid

Illustrated notes

Levels and vault maps discovered:
D:1:      amcnicky_arrival_gap_in_the_tavern_cellar, layout_loops_corners,
          serial_shops, shop, minmay_hexomino_r4
D:2:      layout_rooms, chequers_ecumenical_altar_simple, uniq_terence
D:3:      layout_basic, mainiacjoe_overflow_24_doors, zin_academy,
          gammafunk_ghost_mausoleum, chequers_mini_garden

Skill      XL: |  1  2  3  4  5 |
---------------+----------------+-----
Fighting       | 4 |  4.0
Stealth        | 1 2 |  2.0
Throwing       | 1 |  1.0
Dodging        | 1 |  1.0
Maces & Flails | 3 |  3.0
Shields        | 5 |  5.6
Armour         | 4 |  4.0

Action                   |  1- 3 |  4- 6 || total
-------------------------+-------+-------++-------
Melee: Flail             |    71 |   100 ||   171
Throw: Throwing net      |       |     1 ||     1
  Use: Scroll            |     3 |     2 ||     5
Armor: Scale mail        |     8 |       ||     8
       Plate armour      |    32 |    55 ||    87
Dodge: Dodged            |    18 |    29 ||    47
Block: Buckler           |    21 |    27 ||    48

Table legend: (Time is in decaauts)
 A = Elapsed time spent in this place.
 B = Non-inter-level travel time spent in this place.
 C = Inter-level travel time spent in this place.
 D = Time resting spent in this place.
 E = Time spent auto-exploring this place.
 F = Levels seen in this place.
 G = Mean time per level.
                   A        B        C        D        E       F      G
               +--------+--------+--------+--------+--------+-----+--------+
         Total |   2739 |   2546 |    193 |     58 |   2019 |   3 |  913.0 |
       Dungeon |   2739 |   2546 |    193 |     58 |   2019 |   3 |  913.0 |
               +--------+--------+--------+--------+--------+-----+--------+

Top non-repeatable levels by time:
     D:1: 1193 daAuts
     D:2: 1043 daAuts
     D:3: 503 daAuts
